 Dungeon Crawl Stone Soup version 0.30-a0-373-gd37427bb62 (webtiles) character file.

Game seed: 15902369291442294986

293935 Zonian the Warrior (level 21, -5/175 HPs)
             Began as a Djinni Ice Elementalist on Nov 22, 2022.
             Was an Elder of Ashenzari.
             Slain by a white very ugly thing (70 damage)
             ... on level 1 of the Vaults on Nov 23, 2022.
             The game lasted 03:15:13 (59991 turns).

Zonian the Warrior (Djinni Ice Elementalist)       Turns: 59991, Time: 03:15:14

Health: -5/175     AC: 11    Str: 11    XL:     21   Next: 73%
Gold:   892        EV: 23    Int: 42    God:    Ashenzari [****..] SH: 19 Dex: 15

rFire   + + .      SeeInvis +    Y - +12 war axe of the Witching Butterfly {vorpal, Str+3 Int+8}
rCold   x . .      Faith    .    V - +3 kite shield {rC+}
rNeg    . . .      Spirit   +    x - +4 moon troll leather armour {Spirit, Regen++ MP+5, Fort, Self} (curse)
rPois   ∞          Reflect  +    a - +0 helmet of Cremastomancy {Slay+3, Self, Range} (curse)
rElec   .          Harm     .    Q - +0 cloak "Gnostic Loss" {Drain Will++ Slay+2, Evo, Melee} (curse)
rCorr   .          Rampage  .    (no gloves)
Will    ++++.      Clarity  +    (boots unavailable)
Stlth   +++++.....               m - amulet "Pangnostic Nihilism" {Reflect SH+5, Cun, Evo} (curse)
HPRegen 2.09/turn                r - ring of Star-Bound Wisdom {EV+4, Melee, Cun} (curse)
MPRegen 0.00/turn                j - ring "Lethargy of Ashenzari" {Int+6, Self, Cun} (curse)

@: about to teleport, flying, studying Axes
A: sickness immunity, fire resistance 2, cold vulnerability 2, float, innate
caster, HP casting, extra vitality 1, claws 1, clever 1, sense surroundings 2,
wild magic 1
}: 2/15 runes: decaying, serpentine
a: Renounce Religion, Shatter the Chains


You were on level 1 of the Vaults.
You worshipped Ashenzari.
Ashenzari was greatly pleased with you.
You visited 7 branches of the dungeon, and saw 34 of its levels.
You also visited: Gauntlet.

You collected 4486 gold pieces.
You spent 3594 gold pieces at shops.

Inventory:

Hand Weapons
 e - the +5 long sword of the Hand {holy, Str+2}
   (You took it off a minotaur in a Gauntlet)

   It has been blessed by the Shining One to cause great damage to the undead
   and demons.
   Str:       It affects your strength (+2).
 k - the +9 lance "Wyrmbane" {slay drac, rPois rF+ rC+ AC+3}
   (You bought it in a shop on level 10 of the Dungeon)

   It inflicts extra damage against dragons and draconians.
   AC:        It affects your AC (+3).
   rF:        It protects you from fire.
   rC:        It protects you from cold.
   rPois:     It protects you from poison.
 U - the +9 short sword of Causality {freeze, rN++ Str-3 Int+5}
   (You found it in a Gauntlet)

   It freezes those it strikes, dealing additional cold damage.
   It can also slow down cold-blooded creatures.
   Str:       It affects your strength (-3).
   Int:       It affects your intelligence (+5).
   rN:        It greatly protects you from negative energy.
 W - the +5 demon whip "Spellbinder" {antimagic, Will+}
   (You found it on level 1 of the Snake Pit)

   It reduces the magical energy of the wielder, and disrupts the spells and
   magical abilities of those it strikes.
   Natural abilities and divine invocations are not affected.
   It unleashes wild and unpredictable magical effects upon striking a wizard or
   a creature with magical abilities.
   Will:      It increases your willpower.
 Y - the +12 war axe of the Witching Butterfly (weapon) {vorpal, Str+3 Int+8}
   (You found it on level 3 of the Snake Pit)

   It inflicts extra damage upon your enemies.
   Str:       It affects your strength (+3).
   Int:       It affects your intelligence (+8).
 Z - a +5 vampiric demon blade
Missiles
 i - 4 throwing nets
 y - 16 javelins
 D - 13 curare-tipped darts
Armour
 a - the cursed +0 helmet of Cremastomancy (worn) {Slay+3, Self, Range}
   (You found it in a Gauntlet)

   Slay:      It affects your accuracy & damage with ranged weapons and melee
   (+3).
   It has a curse which improves the following skills: Introspection: Fighting
   and Spellcasting.
   Ranged Combat: Ranged Weapons and Throwing.
 u - the +4 scale mail of Ignis's Delight {rC+ Int+7 Dex+4 Stlth-}
   (You found it on level 6 of the Dungeon)

   Int:       It affects your intelligence (+7).
   Dex:       It affects your dexterity (+4).
   rC:        It protects you from cold.
   Stlth:     It makes you less stealthy.
 x - the cursed +4 moon troll leather armour (worn) {Spirit, Regen++ MP+5, Fort, Self}
   (You took it off a minotaur in a Gauntlet)

   MP:        It affects your magic capacity (+5).
   Regen:     It increases your rate of health regeneration.
   It has a curse which improves the following skills: Fortitude: Armour and
   Shields.
   Introspection: Fighting and Spellcasting.
 Q - the cursed +0 cloak "Gnostic Loss" (worn) {Drain Will++ Slay+2, Evo, Melee}
   (You found it on level 8 of the Dungeon)

   Slay:      It affects your accuracy & damage with ranged weapons and melee
   (+2).
   Drain:     It drains your maximum health when unequipped.
   Will:      It greatly increases your willpower.
   It has a curse which improves the following skills: Evocations: Evocations.
   Melee Combat: Short Blades, Long Blades, Axes, Maces & Flails, Polearms,
   Staves and Unarmed Combat.
 V - a +3 kite shield of cold resistance (worn)
Jewellery
 j - the cursed ring "Lethargy of Ashenzari" (right claw) {Int+6, Self, Cun}
   (You found it on level 2 of the Dungeon)

   [ring of intelligence]

   Int:       It affects your intelligence (+6).
   It has a curse which improves the following skills: Introspection: Fighting
   and Spellcasting.
   Cunning:   Dodging and Stealth.
 l - a ring of resist corrosion
 m - the cursed amulet "Pangnostic Nihilism" (around neck) {Reflect SH+5, Cun, Evo}
   (You found it on level 2 of the Dungeon)

   [amulet of reflection]

   It reflects blocked missile attacks.
   SH:        It affects your SH (+5).
   It has a curse which improves the following skills: Cunning: Dodging and
   Stealth.
   Evocations: Evocations.
 r - the cursed ring of Star-Bound Wisdom (left claw) {EV+4, Melee, Cun}
   (You found it on level 6 of the Dungeon)

   [ring of evasion]

   EV:        It affects your evasion (+4).
   It has a curse which improves the following skills: Melee Combat: Short
   Blades, Long Blades, Axes, Maces & Flails, Polearms, Staves and Unarmed
   Combat.
   Cunning:   Dodging and Stealth.
 O - the ring "Qeuxuzia" {rPois rN+++ MP+9 Str-4 Slay+5}
   (You took it off a deep elf demonologist on level 3 of the Elven Halls)

   [ring of magical power]

   Str:       It affects your strength (-4).
   Slay:      It affects your accuracy & damage with ranged weapons and melee
   (+5).
   rPois:     It protects you from poison.
   rN:        It renders you almost immune to negative energy.
   MP:        It affects your magic capacity (+9).
Wands
 C - a wand of charming (14)
 E - a wand of polymorph (9)
 H - a wand of light (22)
 K - a wand of flame (10)
 M - a wand of digging (11)
 N - a wand of iceblast (14)
 P - a wand of mindburst (28)
Scrolls
 g - 3 scrolls of immolation
 h - 3 scrolls of magic mapping
 p - 5 scrolls of teleportation
 s - 3 scrolls of brand weapon
 B - a scroll of fear
 F - 4 scrolls of butterflies
 G - 4 scrolls of poison
 L - 2 scrolls of silence
 S - 4 scrolls of blinking
Potions
 b - 2 potions of haste
 c - 3 potions of berserk rage
 d - 3 potions of brilliance
 n - 7 potions of lignification
 q - 3 potions of invisibility
 t - a potion of might
 v - 6 potions of cancellation
 z - 10 potions of curing
 I - 2 potions of heal wounds
 X - a potion of ambrosia
Miscellaneous
 f - a phantom mirror
 o - a tin of tremorstones (2/2)
 J - a box of beasts
 R - a phantom mirror
 T - a condenser vane


   Skills:
 - Level 18.8(22.4) Fighting
 - Level 12.1(15.9) Axes
 - Level 5.8(11.6) Maces & Flails
 - Level 6.0(11.8) Polearms
 - Level 4.0(5.9) Armour
 - Level 12.5(16.3) Dodging
 - Level 8.9(12.8) Stealth
 + Level 7.3(9.3) Shields
 - Level 14.6(18.4) Spellcasting
 - Level 13.3(16.2) Evocations


You couldn't memorise any spells.
You knew the following spells:

 Your Spells              Type           Power      Damage    Failure   Level
a - Freeze                Ice            100%       1d10      1%          1
b - Frozen Ramparts       Ice            100%       1d16      1%          3
c - Ozocubu's Armour      Ice            100%       N/A       1%          3
d - Summon Ice Beast      Ice/Summ       100%       N/A       1%          4
e - Magic Dart            Conj           100%       1d8       1%          1
f - Scorch                Fire           100%       2d10      1%          2
g - Confusing Touch       Hex            100%       N/A       1%          3
h - Olgreb's Toxic Radia  Pois           100%       N/A       1%          4
i - Flame Wave            Conj/Fire      100%       2d21      1%          4
j - Iskenderun's Battles  Conj           100%       2d15      1%          5
k - Statue Form           Tmut/Erth      86%        N/A       1%          6
l - Summon Hydra          Summ           64%        N/A       1%          7
m - Simulacrum            Ice/Necr       64%        N/A       1%          6
n - Maxwell's Capacitive  Air            64%        ∞         11%         8
Your spell library was empty.

Dungeon Overview and Level Annotations

Branches:
Dungeon (15/15)            Temple (0/1) D:7            Lair (5/5) D:10
  Swamp (4/4) Lair:3        Snake (4/4) Lair:2        Slime (0/5) Lair:5
    Orc (2/2) D:11            Elf (3/3) Orc:2        Vaults (1/5) D:14
 Depths (0/4) D:15        Gauntlet (visited)

Altars:
Ashenzari
Fedhas
Gozag
Hepliaklqana
Makhleb
Yredelemnul

Shops:
D:10 (   Orc:2 :([*(   Elf:3 !   Snake:1 ==:   Snake:3 [

Annotations:
D:3 2 transporters
D:5 Pikel
D:11 1 runed translucent door, ryw's ghost, novice DsWn
Lair:5 1 runed translucent door
Swamp:4 3 runed translucent doors, oldmanjim's ghost, adept MiHu
Elf:2 2 runed translucent doors


Innate Abilities, Weirdness & Mutations

You are immune to sickness and miasma.
You are immune to poison.
Your flesh is very heat resistant. (rF++)
You are very vulnerable to cold. (rC--)
You float through the air rather than walking.
You learn spells naturally, not from books.
Your magical power is your life essence.
You have superior vitality. (+4 MHP)
You have sharp fingernails.
Your mind is acute. (Int +4, Str/Dex -1)
You passively map the area around you.
Your spells are a little harder to cast, but a little more powerful.


Message History

Unknown command.
Casting: Flame Wave (safe; 1% risk of failure)
Confirm with . or Enter, or press ? or * to list all spells.
Casting: Flame Wave (safe; 1% risk of failure)
Press: ? - help, Dir - look around, f - activate A wave of flame ripples out!
The flame wave engulfs the red very ugly thing.
The red very ugly thing resists.
The red very ugly thing is moderately wounded.
The flame wave engulfs the white very ugly thing!
The white very ugly thing is severely wounded.
The flame wave engulfs the red very ugly thing.
The red very ugly thing resists.
The red very ugly thing is heavily wounded. (Press . to intensify the flame waves.)
Your battlesphere fires!
The barrage of energy hits the white very ugly thing!!
The white very ugly thing is almost dead.
The red very ugly thing basks in the mutagenic energy from its kin and changes!
Unknown command.
Casting: Flame Wave (safe; 1% risk of failure)
Confirm with . or Enter, or press ? or * to list all spells.
Restarting spell: Flame Wave (safe; 1% risk of failure)
Press: ? - help, Dir - look around, f - activate A wave of flame ripples out!
The flame wave engulfs the white very ugly thing!
The white very ugly thing is heavily wounded.
The flame wave engulfs the red very ugly thing.
The red very ugly thing resists.
The red very ugly thing is heavily wounded.
The flame wave engulfs the white very ugly thing.
The white very ugly thing is almost dead. (Press . to intensify the flame waves.)
Your battlesphere fires!
The barrage of energy hits the red very ugly thing!
The red very ugly thing is severely wounded.
The white very ugly thing tentacle-slaps you!
The white very ugly thing freezes you!!!
You feel a terrible chill!
You die...

+ * ,
##..# * *
, ,,*,
##..## *#.
, , ,,
*##..##
#..,,* ,
#..## #..#
, * * * *
*#.## #p.#
*
#*##*#pp#*
,*
#..##up#*
*, ##.uup#
*, *
##@u## ,,
* ####
*,,* *


You could see an ironbound preserver, 3 very ugly things, a vault warden
(sheltered), 3 vault guards, a red ugly thing (sheltered) and a friendly
battlesphere.

Vanquished Creatures
  Mara (Snake:3)
  Saint Roka (Orc:2)
  Nikola (Snake:3)
  2 tentacled monstrosities
  Asterion (Snake:1)
  4 deep elf master archers (Elf:3)
  A deep elf blademaster (Elf:3)
  Agnes (D:14)
  2 thorn hunters
  The ghost of Novon the Eclecticist, an adept DsGl of Jiyva (Elf:3)
  11 nagarajas (Snake:4)
  2 vault wardens (Vaults:1)
  10 deep elf sorcerers
  Aizul (Snake:3)
  2 deep elf elementalists (Elf:3)
  3 ironbound preservers (Vaults:1)
  A war gargoyle (Vaults:1)
  3 very ugly things (Vaults:1)
  The ghost of Ziureph the Basher, a journeyman TrFi of Ashenzari (Elf:3)
  An ironbound thunderhulk (Vaults:1)
  2 vampire knights (Swamp:4)
  Nessos (Orc:2)
  6 deep elf demonologists (Elf:3)
  3 deep elf annihilators (Elf:3)
  6 eleionomae
  A minotaur (Gauntlet)
  2 dire elephants (Snake:4)
  3 bunyips
  2 deep elf death magi
  4 deep elf high priests (Elf:3)
  4 shambling mangroves
  A peacekeeper (Vaults:1)
  A vault guard (D:14)
  14 hydras
  Erolcha (D:9)
  2 salamander tyrants
  2 ironbound frosthearts (D:14)
  A centaur warrior (D:13)
  An ogre mage (D:14)
  A spriggan air mage (Swamp:4)
  2 ghost crabs
  7 anacondas
  4 alligators
  3 boulder beetles
  9 two-headed ogres
  15 dancing weapons
  Urug (Orc:1)
  5 death yaks (Lair:1)
  20 naga warriors
  A hell hog (Gauntlet)
  A titan zombie (D:15)
  2 orc high priests
  11 naga sharpshooters
  A vampire mage (D:15)
  3 shock serpents
  A titan skeleton (D:15)
  A spriggan berserker (Swamp:4)
  Lodul (D:10)
  4 salamander mystics
  10 deep elf knights
  A death drake (Swamp:4)
  4 goliath frogs
  4 skeletal warriors
  4 spriggan druids
  9 swamp dragons
  A spark wasp zombie (D:15)
  9 bog bodies
  5 naga ritualists
  3 deep trolls (Vaults:1)
  A necromancer (D:15)
  11 deep elf archers
  4 lindwurms (Vaults:1)
  5 orc knights
  2 wizards (D:14)
  24 deep elf pyromancers
  7 mana vipers
  4 spectral hydras (Swamp:4)
  21 deep elf zephyrmancers
  3 oklob plants (Swamp:4)
  A will-o-the-wisp (Swamp:3)
  2 manticores
  2 orc sorcerers (Orc:2)
  A shining eye (Gauntlet)
  5 ugly things
  19 salamanders
  10 elephants (Lair:5)
  40 black mambas
  7 cyclopes
  11 naga magi
  3 vault sentinels (Vaults:1)
  6 guardian serpents
  Maurice (Orc:2)
  A molten gargoyle (Lair:2)
  17 cane toads
  A torpor snail (Lair:4)
  4 gargoyles
  An unseen horror (D:10)
  2 rime drakes
  2 tengu conjurers (D:15)
  2 freezing wraiths
  A yaktaur (shapeshifter) (Elf:1)
  4 yaktaurs (Vaults:1)
  An efreet (D:14)
  3 komodo dragons
  A guardian mummy (D:15)
  2 hydra zombies (Swamp:4)
  A death drake zombie (Swamp:4)
  10 tyrant leeches
  3 bloated husks
  Prince Ribbit (D:5)
  8 trolls
  2 polar bears
  23 hornets
  22 blink frogs
  A tarantella (shapeshifter) (D:13)
  2 death drake skeletons (Swamp:4)
  A slime creature (Vaults:1)
  4 dream sheep (Lair:5)
  An ettin zombie (D:15)
  A wraith (D:11)
  13 spriggans
  3 air elementals
  61 yaks
  A vampire (D:13)
  5 water elementals
  4 wyverns
  A golden eye (Gauntlet)
  A steam dragon (D:9)
  10 fire bats
  5 basilisks
  12 vampire mosquitoes
  Edmund (D:5)
  A death yak simulacrum (Lair:3)
  49 nagas
  3 acid dragons
  22 swamp worms
  3 hell hounds
  10 water moccasins
  A floating eye (Gauntlet)
  2 ice beasts (D:6)
  A meliai simulacrum (D:15)
  2 hydra simulacra (Swamp:4)
  21 orc warriors
  A sky beast (D:6)
  5 swamp drakes
  11 ogres
  2 swamp dragon zombies (Swamp:4)
  4 wolves (Lair:1)
  4 boggarts (D:14)
  12 centaurs
  A phantom (D:4)
  A lemure (D:5)
  2 kobold brigands (D:9)
  18 bullfrogs
  A necrophage (D:5)
  4 wights
  An elephant simulacrum (Lair:3)
  7 killer bees
  6 electric eels
  6 howler monkeys
  4 hounds
  3 jellies
  21 orc priests
  A gnoll bouda (D:8)
  5 iguanas
  19 orc wizards
  2 polar bear simulacra (Lair:3)
  7 gnolls
  11 adders
  2 shadow imps
  A white imp (D:8)
  An ufetubus (D:4)
  A worm (D:4)
  2 dart slugs
  59 orcs
  9 endoplasms
  A giant cockroach (D:2)
  4 goblins
  6 hobgoblins
  3 jackals (D:2)
  10 kobolds
  3 quokkas
  7 ball pythons
  4 bats
  4 frilled lizards
  6 rats
  8 briar patches
1084 creatures vanquished.

Vanquished Creatures (collateral kills)
  A tentacled monstrosity (Swamp:4)
  The ghost of Gorep the Sabretooth, an adept FeBe of Trog (Elf:3)
  The ghost of rrossfarrar the Sabretooth, an adept FeBe of Trog (Elf:3)
  2 nagarajas (Snake:4)
  2 deep elf elementalists (Elf:3)
  A hydra zombie (Swamp:4)
  2 slime creatures (Vaults:1)
  A deep elf demonologist (Elf:2)
  2 deep elf annihilators (Elf:3)
  A bunyip (Swamp:3)
  3 deep elf death magi
  A shambling mangrove (Swamp:4)
  2 deep elf high priests (Elf:3)
  2 hydras
  A salamander tyrant (Snake:4)
  An anaconda (Snake:4)
  4 naga warriors (Snake:4)
  A shock serpent (Snake:2)
  2 deep elf knights (Elf:2)
  2 phantasmal warriors (Swamp:4)
  A spriggan druid (Swamp:4)
  A naga ritualist (Snake:4)
  A deep elf archer (Elf:2)
  4 deep elf zephyrmancers
  3 deep elf pyromancers
  A mana viper (Snake:4)
  5 salamanders (Snake:4)
  A guardian serpent (Snake:4)
  3 naga magi (Snake:4)
  2 black mambas (Snake:4)
  A komodo dragon (Lair:1)
  A death drake zombie (Swamp:4)
  A tyrant leech (Swamp:4)
  2 yaks (Lair:1)
  7 nagas
67 creatures vanquished.

Vanquished Creatures (others)
  A nagaraja (Snake:4)
  A naga warrior (Snake:4)
  A flayed ghost (Swamp:4)
  A deep elf pyromancer (Elf:3)
  A mana viper (Snake:3)
  A deep elf zephyrmancer (Elf:1)
  2 black mambas (Snake:3)
  A bloated husk (Swamp:4)
  A swamp worm (Swamp:2)
  A naga (Snake:3)
  An endoplasm (D:1)
  14 demonic plants (Gauntlet)
  2 foxfires (Swamp:3)
  23 fungi
  121 plants
  8 withered plants (D:15)
180 creatures vanquished.

Grand Total: 1331 creatures vanquished

Notes
Turn   | Place    | Note
-------+----------+-------------------------------------------
     0 | D:1      | Zonian the Djinni Ice Elementalist began the quest for the
                  | Orb.
     0 | D:1      | Zonian set off with the following spells memorised: Freeze,
                  | Frozen Ramparts, Ozocubu's Armour, Summon Ice Beast.
     0 | D:1      | Reached XP level 1. HP: 15/15 MP: 0/0
   300 | D:1      | Reached XP level 2. HP: 19/21 MP: 0/0
  1034 | D:2      | Reached XP level 3. HP: 22/25 MP: 0/0
  1034 | D:2      | Learned a level 1 spell: Magic Dart
  2450 | D:3      | Reached XP level 4. HP: 28/31 MP: 0/0
  2454 | D:3      | Reached XP level 5. HP: 32/35 MP: 0/0
  2454 | D:3      | Learned a level 2 spell: Scorch
  2725 | D:3      | Found a transporter.
  2728 | D:3      | Noticed a centaur
  2729 | D:3      | Found a transporter.
  2729 | D:3      | Found a burning altar of Makhleb.
  2730 | D:3      | Noticed an ogre
  3728 | D:4      | Noticed a phantom
  3735 | D:4      | Killed a phantom
  3736 | D:4      | Reached XP level 6. HP: 32/40 MP: 0/0
  4551 | D:5      | Entered Level 5 of the Dungeon
  4559 | D:5      | Reached XP level 7. HP: 41/45 MP: 0/0
  4559 | D:5      | Learned a level 3 spell: Confusing Touch
  4773 | D:5      | Noticed Prince Ribbit
  4780 | D:5      | Killed Prince Ribbit
  4781 | D:5      | Reached skill level 5 in Dodging
  5070 | D:5      | Reached XP level 8. HP: 36/50 MP: 0/0
  5275 | D:5      | Noticed Edmund
  5284 | D:5      | Killed Edmund
  5285 | D:5      | Reached skill level 5 in Spellcasting
  5665 | D:5      | Reached skill level 5 in Stealth
  5672 | D:5      | HP: 1/50 [killer bee (8)]
  6370 | D:5      | Noticed Pikel
  6698 | D:6      | Reached XP level 9. HP: 44/55 MP: 0/0
  6698 | D:6      | Learned a level 4 spell: Olgreb's Toxic Radiance
  7781 | D:6      | Identified the +4 scale mail of Ignis's Delight {rC+ Int+7
                  | Dex+4 Stlth-}
  7987 | D:6      | Found a broken altar of Ashenzari.
  7995 | D:6      | Became a worshipper of Ashenzari the Shackled
  8653 | D:7      | Found a staircase to the Ecumenical Temple.
  9363 | D:8      | Found a hazy altar of Hepliaklqana.
  9457 | D:8      | Noticed a troll
  9463 | D:8      | Killed a troll
  9488 | D:8      | Reached * piety under Ashenzari
  9838 | D:8      | Identified the +0 cloak of the Lusting Gods {Drain Will++
                  | Slay+2}
  9941 | D:8      | Reached XP level 10. HP: 52/60 MP: 0/0
 11163 | D:9      | Reached ** piety under Ashenzari
 11575 | D:9      | Noticed Erolcha
 12326 | D:10     | Entered Level 10 of the Dungeon
 12368 | D:10     | Reached *** piety under Ashenzari
 12414 | D:10     | Noticed Lodul
 12427 | D:10     | Noticed an unseen horror
 12450 | D:10     | Killed Lodul
 12451 | D:10     | Reached skill level 10 in Dodging
 12454 | D:10     | Reached XP level 11. HP: 25/65 MP: 0/0
 12454 | D:10     | Learned a level 4 spell: Flame Wave
 13010 | D:10     | Found a staircase to the Lair.
 13176 | D:10     | Found Amaq's Antique Weapon Emporium.
 13366 | D:11     | Reached skill level 1 in Fighting
 13719 | D:11     | Found a runed translucent door.
 13725 | D:11     | Identified the Omnibus of Spelunking
 13726 | D:11     | Noticed ryw's ghost (novice DsWn)
 14148 | D:11     | Noticed a cyclops
 14214 | D:11     | Reached skill level 2 in Fighting
 14763 | D:11     | Found a staircase to the Orcish Mines.
 14875 | D:11     | Reached skill level 3 in Fighting
 15059 | D:11     | Killed a cyclops
 15637 | D:12     | Noticed a two-headed ogre
 15646 | D:12     | Killed a two-headed ogre
 15647 | D:12     | Reached skill level 4 in Fighting
 16004 | D:12     | Noticed a two-headed ogre
 16013 | D:12     | Killed a two-headed ogre
 16304 | D:12     | Noticed a cyclops
 16311 | D:12     | Killed a cyclops
 16312 | D:12     | Reached skill level 5 in Fighting
 17033 | D:12     | Reached XP level 12. HP: 67/85 MP: 0/0
 17203 | D:12     | Reached skill level 6 in Fighting
 17437 | D:12     | Noticed a two-headed ogre
 17455 | D:12     | Killed a two-headed ogre
 18063 | Lair:1   | Entered Level 1 of the Lair of Beasts
 18160 | Lair:1   | Reached skill level 7 in Fighting
 18736 | Lair:1   | Reached skill level 10 in Spellcasting
 19669 | Lair:1   | Noticed a death yak
 19670 | Lair:1   | Noticed a death yak
 19670 | Lair:1   | Noticed a death yak
 19670 | Lair:1   | Noticed a death yak
 19671 | Lair:1   | Noticed a death yak
 19694 | Lair:1   | Killed a death yak
 19695 | Lair:1   | Reached skill level 8 in Fighting
 20096 | Lair:1   | Killed a death yak
 20101 | Lair:1   | Killed a death yak
 20104 | Lair:1   | Killed a death yak
 20108 | Lair:1   | Killed a death yak
 20109 | Lair:1   | Reached skill level 9 in Fighting
 20109 | Lair:1   | Reached XP level 13. HP: 36/97 MP: 0/0
 20109 | Lair:1   | Learned a level 5 spell: Iskenderun's Battlesphere
 20583 | Lair:2   | Noticed a six-headed hydra
 21274 | D:9      | Killed Erolcha
 22067 | Lair:2   | Reached skill level 10 in Fighting
 22332 | Lair:2   | Found a staircase to the Snake Pit.
 22958 | Lair:3   | Found a frozen archway.
 22983 | Lair:3   | Reached skill level 1 in Shields
 23287 | Lair:3   | Reached skill level 11 in Fighting
 23436 | Lair:3   | Reached **** piety under Ashenzari
 24733 | Lair:3   | Found a staircase to the Swamp.
 24760 | Lair:3   | Reached XP level 14. HP: 78/112 MP: 0/0
 25399 | Lair:4   | Reached skill level 12 in Fighting
 26024 | Lair:4   | Reached ***** piety under Ashenzari
 26726 | Lair:4   | Identified the +0 leather armour of Sandy Joy {-Cast Fly
                  | Str+4}
 26845 | Lair:5   | Entered Level 5 of the Lair of Beasts
 26855 | Lair:5   | Reached skill level 13 in Fighting
 28038 | Lair:5   | Reached skill level 14 in Fighting
 28828 | Lair:5   | Identified the +5 battleaxe of Woar {flame, rC+}
 28845 | Lair:5   | Reached skill level 15 in Fighting
 29528 | Lair:5   | Found a runed translucent door.
 29529 | Lair:5   | Found a staircase to the Slime Pits.
 30537 | D:13     | Reached XP level 15. HP: 103/130 MP: 0/0
 30537 | D:13     | Learned a level 6 spell: Statue Form
 30546 | D:13     | Found a gate leading to a gauntlet.
 30562 | Gauntlet | Entered a Gauntlet
 30562 | Gauntlet | Found a transporter.
 30562 | Gauntlet | Found a transporter.
 30562 | Gauntlet | Found a transporter.
 30585 | Gauntlet | Identified the +2 shortbow of Qeotish {elec, *Corrode Str-4
                  | Int+7 Stlth+}
 30621 | Gauntlet | Identified the +0 helmet of Rownaog {Slay+3}
 30645 | Gauntlet | Gained mutation: You do not regenerate when monsters are
                  | visible. [a shining eye]
 30708 | Gauntlet | Found a transporter.
 30721 | Gauntlet | Found a transporter.
 30850 | Gauntlet | Found a transporter.
 31048 | Gauntlet | Found a transporter.
 31055 | Gauntlet | Reached skill level 16 in Fighting
 31236 | Gauntlet | Identified the amulet of the Mackerel {Reflect Harm rF+ rC-
                  | rCorr SH+5}
 31299 | Gauntlet | Identified the +9 short sword of Causality {freeze, rN++
                  | Str-3 Int+5}
 31299 | Gauntlet | Identified Tokled's Vademecum on the Assistive Caves
 31299 | Gauntlet | Identified the +5 long sword of the Hand {holy, Str+2}
 31356 | Gauntlet | Identified the cursed +2 steam dragon scales "Lashed
                  | Fallacy" {Cun, Self} (You found it on level 9 of the
                  | Dungeon)
 31809 | D:13     | Lost mutation: You do not regenerate when monsters are
                  | visible. [potion of mutation]
 31809 | D:13     | Gained mutation: You are agile. (Dex +4, Str/Int -1)
                  | [potion of mutation]
 31809 | D:13     | Gained mutation: Potions are less effective at restoring
                  | your health. [potion of mutation]
 31810 | D:13     | Lost mutation: You are agile. (Dex +4, Str/Int -1) [potion
                  | of mutation]
 31810 | D:13     | Lost mutation: Potions are less effective at restoring your
                  | health. [potion of mutation]
 31810 | D:13     | Gained mutation: You are occasionally teleported next to
                  | monsters. [potion of mutation]
 31810 | D:13     | Gained mutation: Your muscles are strong. (Str +4, Int/Dex
                  | -1) [potion of mutation]
 31810 | D:13     | Gained mutation: You are strong-willed. (Will+) [potion of
                  | mutation]
 31811 | D:13     | Lost mutation: You are strong-willed. (Will+) [potion of
                  | mutation]
 31811 | D:13     | Lost mutation: You are occasionally teleported next to
                  | monsters. [potion of mutation]
 31811 | D:13     | Gained mutation: You have sharp fingernails. [potion of
                  | mutation]
 31811 | D:13     | Gained mutation: You are agile. (Dex +4, Str/Int -1)
                  | [potion of mutation]
 31811 | D:13     | Gained mutation: You passively map a small area around you.
                  | [potion of mutation]
 33031 | D:13     | Reached skill level 1 in Armour
 33285 | D:14     | Found an opulent altar of Gozag.
 33370 | D:14     | Found a gate to the Vaults.
 34039 | D:14     | Noticed Agnes
 34261 | D:14     | Killed Agnes
 34262 | D:14     | Reached skill level 5 in Evocations
 34453 | D:15     | Entered Level 15 of the Dungeon
 34521 | D:15     | Identified Sif Muna's Treatise on Spellbinding
 34521 | D:15     | Identified Sif Muna's Cyclopedia of Gusts
 34524 | D:15     | Identified Sif Muna's Compendium of Translocation
 34558 | D:15     | Found a staircase to the Depths.
 36030 | Orc:1    | Entered Level 1 of the Orcish Mines
 36038 | Orc:1    | Reached XP level 16. HP: 142/142 MP: 0/0
 36044 | Orc:1    | Noticed Urug
 36051 | Orc:1    | Killed Urug
 36182 | Orc:2    | Entered Level 2 of the Orcish Mines
 36182 | Orc:2    | Noticed Maurice
 36182 | Orc:2    | Found Tukekagouj's Antique Weapon Shoppe.
 36191 | Orc:2    | Killed Maurice
 36548 | Orc:2    | Noticed Nessos
 36553 | Orc:2    | Killed Nessos
 36636 | Orc:2    | Noticed Saint Roka
 36656 | Orc:2    | Killed Saint Roka
 36850 | Orc:2    | Found Ungeatri's General Store.
 36878 | Orc:2    | Found Vijarhaa's Antique Weapon Boutique.
 36894 | Orc:2    | Found Utielao's Book Boutique.
 36910 | Orc:2    | Found Dirhysho's Antique Armour Boutique.
 37245 | Orc:2    | Found a staircase to the Elven Halls.
 37456 | Orc:2    | Upgraded the game from 0.30-a0-371-gad7725a93e to
                  | 0.30-a0-373-gd37427bb62
 37640 | Snake:1  | Entered Level 1 of the Snake Pit
 37648 | Snake:1  | Reached skill level 1 in Polearms
 37799 | Snake:1  | Found Vinutzeb's Jewellery Shoppe.
 37800 | Snake:1  | Found Vanis Xes's Book Shop.
 37801 | Snake:1  | Found Lefoseh's Jewellery Shoppe.
 37873 | Snake:1  | Found the +5 demon whip "Spellbinder" {antimagic, Will+}
 38635 | Snake:1  | Noticed Asterion
 39239 | Snake:2  | Reached skill level 17 in Fighting
 39582 | Snake:2  | Found a broken altar of Ashenzari.
 40273 | Snake:3  | Reached XP level 17. HP: 123/150 MP: 0/0
 40273 | Snake:3  | Learned a level 7 spell: Summon Hydra
 40559 | Snake:3  | Found Okiakk's Armour Emporium.
 40568 | Snake:3  | Noticed Nikola
 40569 | Snake:3  | Identified the +12 war axe of the Witching Butterfly
                  | {vorpal, Str+3 Int+8}
 40579 | Snake:3  | Killed Nikola
 40580 | Snake:3  | Reached skill level 18 in Fighting
 40611 | Snake:3  | Noticed Aizul
 40760 | Snake:3  | Killed Aizul
 40819 | Snake:3  | Noticed Mara
 40954 | Snake:3  | Noticed Zonian's illusion
 40991 | Snake:3  | Killed Mara
 40992 | Snake:3  | Reached skill level 1 in Axes
 41657 | Snake:4  | Entered Level 4 of the Snake Pit
 41908 | Snake:4  | Reached skill level 5 in Axes
 42856 | Snake:4  | Reached XP level 18. HP: 151/157 MP: 0/0
 43626 | Snake:4  | Got a serpentine rune of Zot
 44269 | Snake:4  | Reached skill level 10 in Axes
 45317 | D:10     | Bought the +8 lance "Wyrmbane" {slay drac, rPois rF+ rC+
                  | AC+3} for 2828 gold pieces
 45317 | D:10     | Found the +8 lance "Wyrmbane" {slay drac, rPois rF+ rC+
                  | AC+3}
 45462 | Swamp:1  | Entered Level 1 of the Swamp
 45523 | Swamp:1  | Reached skill level 5 in Polearms
 46211 | Swamp:2  | Reached XP level 19. HP: 157/166 MP: 0/0
 46211 | Swamp:2  | Learned a level 6 spell: Simulacrum
 47316 | Swamp:3  | Noticed a tentacled monstrosity
 47367 | Swamp:2  | Killed a tentacled monstrosity
 48234 | Swamp:4  | Entered Level 4 of the Swamp
 48375 | Swamp:4  | Noticed a tentacled monstrosity
 48902 | Swamp:4  | Killed a tentacled monstrosity
 49486 | Swamp:4  | Found a blossoming altar of Fedhas.
 49808 | Swamp:4  | Noticed a tentacled monstrosity
 49809 | Swamp:4  | Found a runed translucent gate.
 49809 | Swamp:4  | Found a runed translucent gate.
 49809 | Swamp:4  | Found a runed translucent gate.
 49810 | Swamp:4  | Noticed oldmanjim's ghost (adept MiHu)
 49858 | Swamp:4  | Killed a tentacled monstrosity
 50068 | Swamp:4  | Reached XP level 20. HP: 73/170 MP: 0/0
 50393 | Swamp:4  | Found a basalt altar of Yredelemnul.
 50800 | Swamp:4  | Got a decaying rune of Zot
 51571 | Orc:2    | Bought a glowing buckler for 262 gold pieces
 51638 | Elf:1    | Entered Level 1 of the Elven Halls
 51838 | Elf:1    | Reached skill level 1 in Maces & Flails
 52672 | Elf:1    | Identified the Precepts of Creative Conjuration
 53252 | Elf:2    | Reached skill level 5 in Maces & Flails
 53507 | Elf:2    | Found a runed translucent door.
 53533 | Elf:2    | Found a runed translucent door.
 53549 | Elf:2    | Identified a scroll of acquirement
 53554 | Elf:2    | Acquired a manual of Axes
 54000 | Elf:3    | Entered Level 3 of the Elven Halls
 54079 | Elf:3    | Paralysed by an air elemental for 1 turns
 54086 | Elf:3    | Paralysed by an air elemental for 1 turns
 54168 | Elf:3    | Found a runed translucent gate.
 54169 | Elf:3    | Found a runed translucent gate.
 54169 | Elf:3    | Found a runed translucent gate.
 54183 | Elf:3    | Found Tejisuiz's Distillery.
 54183 | Elf:3    | Noticed rrossfarrar's ghost (adept FeBe)
 54183 | Elf:3    | Noticed Ziureph's ghost (journeyman TrFi)
 54185 | Elf:3    | Noticed Gorep's ghost (adept FeBe)
 54185 | Elf:3    | Noticed Novon's ghost (adept DsGl)
 54238 | Elf:3    | Bought a potion of curing for 54 gold pieces
 54238 | Elf:3    | Bought a potion of heal wounds for 90 gold pieces
 54238 | Elf:3    | Bought a potion of ambrosia for 144 gold pieces
 54238 | Elf:3    | Bought a potion of brilliance for 72 gold pieces
 54238 | Elf:3    | Bought a potion of invisibility for 144 gold pieces
 54647 | Elf:3    | Reached skill level 10 in Evocations
 55007 | Elf:3    | Reached XP level 21. HP: 176/176 MP: 0/0
 55007 | Elf:3    | Learned a level 8 spell: Maxwell's Capacitive Coupling
 55275 | Elf:3    | Identified the +2 ring mail of Gravity {rC- Str+6 Dex+3}
 55332 | Elf:3    | Identified the ring "Qeuxuzia" {rPois rN+++ MP+9 Str-4
                  | Slay+5}
 55363 | Elf:3    | Identified the +1 leather armour of the Depths {+Blink
                  | rElec Int+6}
 55386 | Elf:3    | Gained mutation: You are very vulnerable to cold. (rC--) [a
                  | cacodemon]
 55510 | Elf:3    | Identified the +1 troll leather armour "Tyonn" {Will+
                  | Regen+ Dex+3}
 55525 | Elf:3    | Identified the +6 war axe "Ehibi" {vorpal, rPois Will+
                  | Dex+4}
 55525 | Elf:3    | Identified the +1 robe of Pragmatism {rN+ Int+2}
 55694 | Elf:3    | Identified the +6 short sword "Ymask" {antimagic, rElec rF-
                  | Int+4}
 56253 | Elf:3    | Killed Ziureph's ghost
 56260 | Elf:3    | Killed rrossfarrar's ghost
 56271 | Elf:3    | Killed Gorep's ghost
 56279 | Elf:3    | Killed Novon's ghost
 57074 | Snake:1  | Killed Asterion
 57538 | Vaults:1 | Entered Level 1 of the Vaults
 58011 | D:15     | Lost mutation: Your muscles are strong. (Str +4, Int/Dex
                  | -1) [potion of mutation]
 58011 | D:15     | Lost mutation: You are agile. (Dex +4, Str/Int -1) [potion
                  | of mutation]
 58011 | D:15     | Gained mutation: Your spells are a little harder to cast,
                  | but a little more powerful. [potion of mutation]
 58011 | D:15     | Gained mutation: You passively map the area around you.
                  | [potion of mutation]
 58011 | D:15     | Gained mutation: Your mind is acute. (Int +4, Str/Dex -1)
                  | [potion of mutation]
 59031 | Vaults:1 | Reached skill level 5 in Shields
 59991 | Vaults:1 | Slain by a white very ugly thing

Illustrated notes

Levels and vault maps discovered:
D:1:      dpeg_arrival_three_smaller_balls, layout_basic, minmay_tetromino_l2
D:2:      layout_loops_ring
D:3:      layout_basic, gammafunk_temple_overflow_arena
D:4:      layout_cave_pods
D:5:      layout_loops_ring, grunt_decor_one_mirror, kennysheep_generic_room_12,
          uniq_prince_ribbit1, uniq_edmund, uniq_pikel
D:6:      layout_basic, mainiacjoe_overflow_small_starburst
D:7:      layout_gridville, minmay_temple_entry_waves
D:8:      layout_basic, mainiacjoe_overflow_concentric_impassable
D:9:      layout_stronghold, uniq_erolcha
D:10:     layout_small_grid, dpeg_oklobed_lair, serial_shops, shop, uniq_lodul
D:11:     layout_stronghold, david_orc_4, hellmonk_ghost_big_iron
D:12:     layout_roguey
D:13:     layout_cave_pods, gauntlet_entry_generic
D:14:     layout_irregular_city, david_vaults_5, hangedman_decor_lopped,
          wad_floor_pattern_2, nicolae_gozag_cash_rules_everything_around_me,
          uniq_agnes
D:15:     gammafunk_depths_entry_grave, layout_loops_ring, chequers_jeans,
          hangedman_abyss_or_decor_stabs, nicolae_sif_muna_little_library
Lair:1:   layout_gridlike, small_statue_intersection,
          nicolae_quartered_pool_impasse, grunt_megastairs_3,
          lemuel_fruit_fields
Lair:2:   layout_gridlike, minmay_snake_entry_guardpost_small,
          grunt_megastairs_5
Lair:3:   layout_gridlike, nicolae_swamp_entry_splash_gauntlet,
          portal_ice_cave_entry_ice_simulacra, serial_bayou_lagoon_b,
          grunt_megastairs_4
Lair:4:   layout_big_grid
Lair:5:   minmay_lair_end_frog_pond, layout_regular_city, slime_entry_2
Swamp:1:  layout_basic_swamp, evilmike_swamp_ruin_house_3, swamp_pool1
Swamp:2:  layout_basic_swamp, nicolae_swamp_well_well_well
Swamp:3:  layout_basic_swamp, nicolae_swamp_oxbows
Swamp:4:  byrel_swamp_growth_death_and_undeath, layout_basic_swamp,
          gammafunk_ghost_split
Snake:1:  layout_layer_cave, grunt_ministairs_9, grunt_megastairs_2,
          serial_bayou_shore_b, minmay_shop_grove, uniq_asterion
Snake:2:  layout_rooms, basic_altar
Snake:3:  layout_misc_corridors, serial_shops, nicolae_shop_behind_doors,
          grunt_megastairs_1, lemuel_fruit_tree, uniq_mara, uniq_aizul,
          uniq_saint_roka, uniq_nikola
Snake:4:  grunt_snake_rune_spirals, layout_onion, beargit_elvish_explorers
Orc:1:    cheibrodos_orc_guarddog, layout_caves, serial_shops, shop_fountains,
          uniq_urug
Orc:2:    grunt_orc_cross, layout_caves, special_room, serial_shops, shop,
          uniq_nessos, uniq_maurice
Elf:1:    eino_elf_arrival_the_gate, layout_loops_corners, minmay_elf_sorcery
Elf:2:    nicolae_elf_blades_splatter_lattice
          [nicolae_blade_entry_splitting_headache], layout_onion_city
Elf:3:    minmay_elf_hall_not_hex, layout_rooms, serial_shops,
          nicolae_shop_crystal, gammafunk_ghost_cemetery
Vaults:1: nicolae_vaults_triangles, st_octagons_1, vaults_mumra_hex,
          nicolae_vaults_bisected_inception, v_misc_30, v_misc_26,
          ontoclasm_vaults_decontamination, nicolae_vaults_little_squares_4,
          hangedman_vaults_corner_blocks, grunt_vaults_twisty, v_pattern_1,
          layout_vaults_maze_snakey, serial_shops, nicolae_shop_stone

Skill      XL: |  1  2  3  4  5  6  7  8  9 10 11 12 13 14 15 16 17 18 19 20 21 |
---------------+----------------------------------------------------------------+-----
Stealth        | 2 3 4 5 7 8 |  8.9
Dodging        | 3 4 5 6 8 10 12 | 12.5
Spellcasting   | 4 5 6 7 9 10 11 12 14 | 14.6
Fighting       | 5 9 11 15 16 17 18 | 18.8
Shields        | 4 7 |  7.3
Armour         | 4 |  4.0
Evocations     | 6 8 10 13 | 13.3
Polearms       | 4 5 6 |  6.0
Axes           | 7 11 12 | 12.1
Maces & Flails | 5 |  5.8

Action                   |  1- 3 |  4- 6 |  7- 9 | 10-12 | 13-15 | 16-18 | 19-21 || total
-------------------------+-------+-------+-------+-------+-------+-------+-------++-------
Melee: Unarmed           |     7 |       |       |       |       |       |       ||     7
       Punch             |     1 |       |     1 |     8 |       |       |       ||    10
       Dagger            |    21 |       |       |       |       |       |       ||    21
       Short sword       |    11 |    21 |    93 |   269 |   599 |   226 |    17 ||  1236
       Quarterstaff      |       |       |    13 |       |       |       |       ||    13
       War axe           |       |       |       |       |       |   302 |   203 ||   505
       Demon whip        |       |       |       |       |       |    16 |   453 ||   469
       Lance             |       |       |       |       |       |    42 |   496 ||   538
Throw: Throwing net      |       |       |       |       |       |     1 |       ||     1
 Cast: Freeze            |    51 |     8 |       |    29 |    28 |       |       ||   116
       Scorch            |       |    45 |    70 |    33 |    23 |     6 |       ||   177
       Frozen Ramparts   |       |       |     9 |    13 |    13 |     7 |       ||    42
       Ozocubu's Armour  |       |       |     2 |     5 |     9 |       |     1 ||    17
       Olgreb's Toxic Ra |       |       |    16 |    70 |    58 |    55 |    42 ||   241
       Magic Dart        |       |       |       |    10 |   118 |   214 |    74 ||   416
       Confusing Touch   |       |       |       |     6 |     1 |       |     1 ||     8
       Flame Wave        |       |       |       |     4 |   120 |    53 |    38 ||   215
       Summon Ice Beast  |       |       |       |     5 |     8 |    13 |     6 ||    32
       Iskenderun's Batt |       |       |       |       |    30 |    30 |    16 ||    76
       Statue Form       |       |       |       |       |     4 |    14 |    17 ||    35
       Summon Hydra      |       |       |       |       |       |    19 |    31 ||    50
Invok: Curse Item        |       |       |     2 |     3 |     5 |       |     1 ||    11
       Shatter the Chain |       |       |       |       |     3 |       |     2 ||     5
Evoke: Wand              |       |       |       |     2 |     6 |    15 |    18 ||    41
       Condenser vane    |       |       |       |       |     1 |     2 |       ||     3
       Box of beasts     |       |       |       |       |       |     1 |       ||     1
       Phantom mirror    |       |       |       |       |       |       |     1 ||     1
  Use: Scroll            |     5 |     4 |     8 |     2 |     4 |     4 |    17 ||    44
       Potion            |     2 |       |     3 |     1 |     7 |     3 |     7 ||    23
 Stab: Sleeping          |       |       |     3 |     6 |    11 |    15 |    17 ||    52
       Confused          |       |       |       |     4 |     2 |       |       ||     6
       Distracted        |       |       |       |       |     1 |    10 |    14 ||    25
       Invisible         |       |       |       |       |     2 |     1 |       ||     3
Armor: Robe              |    18 |     7 |    34 |       |       |       |       ||    59
       Skin              |    25 |     6 |       |       |    32 |    73 |   124 ||   260
       Steam dragon scal |       |       |       |    27 |    81 |       |       ||   108
       Troll leather arm |       |       |       |       |    15 |    57 |   104 ||   176
Dodge: Dodged            |    43 |    23 |   138 |   276 |   595 |   669 |   771 ||  2515
Block: Other             |       |       |     9 |    68 |    19 |       |       ||    96
       Reflection        |       |       |     1 |     5 |    10 |    59 |    35 ||   110
       Buckler           |       |       |       |       |   368 |   430 |   492 ||  1290
       Kite shield       |       |       |       |       |       |       |    72 ||    72

Table legend: (Time is in decaauts)
 A = Elapsed time spent in this place.
 B = Non-inter-level travel time spent in this place.
 C = Inter-level travel time spent in this place.
 D = Time resting spent in this place.
 E = Time spent auto-exploring this place.
 F = Levels seen in this place.
 G = Mean time per level.
                   A        B        C        D        E       F      G
               +--------+--------+--------+--------+--------+-----+--------+
         Total |  60623 |  57493 |   3130 |  25493 |  19282 |  35 | 1732.1 |
       Dungeon |  24916 |  23426 |   1490 |   9999 |   9930 |  15 | 1661.1 |
          Lair |  12496 |  11671 |    825 |   6235 |   3282 |   5 | 2499.2 |
         Swamp |   5931 |   5799 |    132 |   2765 |   1274 |   4 | 1482.8 |
     Snake Pit |   8253 |   7974 |    279 |   3137 |   2299 |   4 | 2063.2 |
  Orcish Mines |   1709 |   1426 |    283 |    348 |    692 |   2 |  854.5 |
   Elven Halls |   5187 |   5070 |    117 |   1544 |   1693 |   3 | 1729.0 |
        Vaults |   1062 |   1062 |      0 |    683 |    112 |   1 | 1062.0 |
      Gauntlet |   1066 |   1066 |      0 |    781 |      0 |   1 | 1066.0 |
               +--------+--------+--------+--------+--------+-----+--------+

Top non-repeatable levels by time:
 Snake:4: 3709 daAuts
  Lair:1: 3522 daAuts
  Lair:4: 2936 daAuts
 Swamp:4: 2828 daAuts
    D:12: 2742 daAuts
   Elf:3: 2698 daAuts
     D:5: 2605 daAuts
  Lair:3: 2500 daAuts
    D:14: 2490 daAuts
    D:11: 2407 daAuts
    D:13: 2003 daAuts
 Snake:3: 1928 daAuts
  Lair:5: 1867 daAuts
 Snake:1: 1793 daAuts
     D:9: 1782 daAuts
